 Dungeon Crawl Stone Soup version 0.30-a0-304-gdc4b735fe1 (webtiles) character file.

Game seed: 270394188228703530

504 blackman the Slasher (level 7, -6/52 HPs)
             Began as a Human Delver on Oct 20, 2022.
             Mangled by an ogre
             ... wielding a +0 giant spiked club
              (22 damage)
             ... on level 5 of the Dungeon.
             The game lasted 00:12:52 (4301 turns).

blackman the Slasher (Human Delver)                 Turns: 4301, Time: 00:12:53

Health: -6/52      AC:  6    Str: 12    XL:     7   Next: 41%
Magic:  7/7        EV:  9    Int: 14    God:
Gold:   492        SH:  3    Dex: 16    Spells: 6/6 levels left

rFire   . . .      SeeInvis .    a - +0 falchion
rCold   . . .      Faith    .    h - +0 buckler
rNeg    . . .      Spirit   .    w - +0 scale mail "Habreusch" {rPois Regen+ Int+3}
rPois   +          Reflect  .    (no helmet)
rElec   .          Harm     .    (no cloak)
rCorr   .          Rampage  .    (no gloves)
Will    .....                    (no boots)
Stlth   ++........               (no amulet)
HPRegen 1.08/turn                (no ring)
MPRegen 0.10/turn                (no ring)

@: no status effects
A: no striking features
a: no special abilities


You were on level 5 of the Dungeon.
You visited 1 branch of the dungeon, and saw 5 of its levels.

You collected 492 gold pieces.

Inventory:

Hand Weapons
 a - a +0 falchion (weapon)
Missiles
 k - 3 poisoned darts (quivered)
Armour
 b - a +0 leather armour
 f - a +2 robe of willpower
 h - a +0 buckler (worn)
 w - the +0 scale mail "Habreusch" (worn) {rPois Regen+ Int+3}
   (You found it on level 5 of the Dungeon)

   Int:       It affects your intelligence (+3).
   rPois:     It protects you from poison.
   Regen:     It increases your rate of health regeneration.
Jewellery
 i - a ring of see invisible
Wands
 g - a wand of digging (3)
Scrolls
 c - a scroll of fog
 d - 4 scrolls of magic mapping
 j - 2 scrolls of teleportation
 l - a scroll of identify
 m - a scroll of noise
 o - a scroll of enchant weapon
 p - a scroll of immolation
 s - a scroll of enchant armour
 t - 2 scrolls of blinking {unknown}
Potions
 n - a potion of heal wounds
 r - 2 potions of ambrosia {unknown}
 u - a potion of flight {unknown}
 v - a potion of haste
 x - a potion of curing {unknown}


   Skills:
 - Level 3.0 Fighting
 + Level 7.6 Long Blades
 - Level 2.0 Dodging
 - Level 5.0 Stealth


You had 6 spell levels left.
You didn't know any spells.
Your spell library was empty.

Dungeon Overview and Level Annotations

Branches:
Dungeon (5/15)
 Temple: D:4-7

Altars:
Nemelex Xobeh
Yredelemnul

Shops:
D:1 ?   D:4 !

Annotations:
D:4 1 runed translucent door, Crazy Yiuf, Edmund


Message History

The ice beast barely misses you.
You hit the ice beast.
The ice beast is almost dead.
The ice beast hits you but does no damage.
You hit the ice beast.
You kill the ice beast!
No target in view!
No target in view!
HP restored.
Key pressed, stopping explore.
An ogre comes into view. It is wielding a +0 giant spiked club.
An ogre is nearby!
An ogre is nearby!
You throw a poisoned dart. The poisoned dart hits the ogre.
You throw a poisoned dart. The poisoned dart hits the ogre.
The ogre is poisoned.
The ogre barely misses you.
You hit the ogre.
The ogre is lightly wounded.
You hit the ogre.
The ogre is lightly wounded.
The ogre hits you with a +0 giant spiked club!!
Ouch! That really hurt!
You are too injured to fight recklessly!
You are too injured to fight recklessly!
You are too injured to fight recklessly!
You hit the ogre but do no damage.
The ogre is lightly wounded.
You barely miss the ogre.
The ogre is moderately wounded.
The ogre hits you with a +0 giant spiked club!
* * * LOW HITPOINT WARNING * * *
You slash the ogre!
The ogre is heavily wounded.
The ogre looks more healthy.
The ogre barely misses you.
You closely miss the ogre.
The ogre is heavily wounded.
You hit the ogre but do no damage.
The ogre is heavily wounded.
The ogre hits you with a +0 giant spiked club!!
You die...

#....##.....#
#.#
#.##.##.....#
#.#
#.##.###..###
#.#
#.........#
###.#
###.#####.#
#....
##.#.#.....#
#.#>#
#....#.#####
#....
##.......#
#.#.#
#####@#.#
#.#>#
#.(O...# #
#.# #(#....#
#.. # #.####
### .. ###


You could see an ogre.

Vanquished Creatures
  Sigmund (D:2)
  An ice beast (D:5)
  A scorpion (D:5)
  A jelly (D:4)
  3 gnolls
  3 adders
  A worm (D:2)
  12 orcs
  5 endoplasms
  3 giant cockroaches
  7 goblins
  4 hobgoblins
  8 jackals
  7 kobolds
  7 quokkas
  3 ball pythons
  2 bats (D:1)
  4 frilled lizards
  A rat (D:1)
74 creatures vanquished.

Vanquished Creatures (collateral kills)
  An adder (D:2)
1 creature vanquished.

Grand Total: 75 creatures vanquished

Notes
Turn   | Place    | Note
-------+----------+-------------------------------------------
     0 | D:5      | blackman the Human Delver began the quest for the Orb.
     0 | D:5      | Reached XP level 1. HP: 18/18 MP: 1/1
    38 | D:5      | Noticed an ice beast
    55 | D:4      | Found Ocliog's Distillery.
   136 | D:4      | Reached XP level 2. HP: 14/24 MP: 2/2
   250 | D:4      | Noticed Edmund
   273 | D:3      | Reached skill level 3 in Long Blades
   326 | D:3      | Found a sparkling altar of Nemelex Xobeh.
   626 | D:2      | Noticed Sigmund
   634 | D:1      | Reached XP level 3. HP: 20/29 MP: 3/3
   747 | D:1      | Found Ohymo's Magic Scroll Shop.
  1627 | D:2      | Reached skill level 4 in Long Blades
  1627 | D:2      | Reached XP level 4. HP: 17/35 MP: 4/4
  1892 | D:2      | Found a basalt altar of Yredelemnul.
  1957 | D:2      | Found a faded altar of an unknown god.
  2039 | D:2      | Killed Sigmund
  2040 | D:2      | Reached skill level 6 in Long Blades
  2040 | D:2      | Reached XP level 5. HP: 26/41 MP: 5/5
  2040 | D:2      | Reached XP level 6. HP: 30/47 MP: 6/6
  3690 | D:4      | Found a runed translucent door.
  3691 | D:4      | Noticed Crazy Yiuf
  3943 | D:5      | Reached skill level 7 in Long Blades
  3943 | D:5      | Reached XP level 7. HP: 49/52 MP: 7/7
  3973 | D:5      | Identified the +0 scale mail "Habreusch" {rPois Regen+
                  | Int+3}
  4301 | D:5      | Mangled by an ogre

Illustrated notes

Levels and vault maps discovered:
D:1:      lightli_arrival_quake, layout_basic, serial_shops, shop_coins
D:2:      layout_basic, hellmonk_ecumenical_altar_prayer_group, basic_altar,
          minmay_statues_item, serial_bayou_crossing, uniq_sigmund
D:3:      layout_loops_ring, mainiacjoe_overflow_paths, minivault_25
D:4:      layout_rooms, serial_shops, shop_coins, nicolae_hexahallways,
          uniq_crazy_yiuf_cottage, uniq_edmund
D:5:      layout_basic

Skill      XL: |  1  2  3  4  5  6 |
---------------+-------------------+-----
Long Blades    | 3 4 6 7 |  7.6
Fighting       | |  3.0
Dodging        | |  2.0
Stealth        | |  5.0

Action                   |  1- 3 |  4- 6 |  7- 9 || total
-------------------------+-------+-------+-------++-------
Melee: Falchion          |    95 |   175 |    38 ||   308
       Punch             |     1 |       |       ||     1
Throw: Dart              |     1 |       |     2 ||     3
  Use: Scroll            |       |     7 |     3 ||    10
       Potion            |       |     3 |     2 ||     5
 Stab: Sleeping          |     8 |     6 |       ||    14
       Distracted        |       |     1 |       ||     1
Armor: Leather armour    |    41 |    10 |       ||    51
       Robe              |       |    12 |       ||    12
       Scale mail        |       |       |    12 ||    12
Dodge: Dodged            |    68 |    93 |    22 ||   183
Block: Buckler           |       |    10 |     6 ||    16

Table legend: (Time is in decaauts)
 A = Elapsed time spent in this place.
 B = Non-inter-level travel time spent in this place.
 C = Inter-level travel time spent in this place.
 D = Time resting spent in this place.
 E = Time spent auto-exploring this place.
 F = Levels seen in this place.
 G = Mean time per level.
                   A        B        C        D        E       F      G
               +--------+--------+--------+--------+--------+-----+--------+
         Total |   4316 |   4091 |    225 |    159 |   3163 |   5 |  863.2 |
       Dungeon |   4316 |   4091 |    225 |    159 |   3163 |   5 |  863.2 |
               +--------+--------+--------+--------+--------+-----+--------+

Top non-repeatable levels by time:
     D:4: 1022 daAuts
     D:2: 1021 daAuts
     D:1: 870 daAuts
     D:3: 868 daAuts
     D:5: 533 daAuts
